 Dungeon Crawl Stone Soup version 0.31-a0-237-g2d982f9f85 (webtiles) character file.

Game seed: 12476698248072157790

81 qw the Shooter (level 4, -3/36 HPs)
             Began as a Minotaur Hexslinger on July 10, 2023.
             Slain by Pikel
             ... wielding a +0 whip of flaming
              (5 damage)
             ... on level 4 of the Dungeon.
             The game lasted 00:00:49 (2699 turns).

qw the Shooter (Minotaur Hexslinger)                Turns: 2699, Time: 00:00:49

Health: -3/36      AC:  6    Str: 13    XL:     4   Next: 19%
Magic:  4/4        EV: 11    Int: 10    God:
Gold:   93         SH:  0    Dex: 14    Spells: 4/5 levels left

rFire   . . .        Y - +1 sling
rCold   . . .        (no shield)
rNeg    . . .        d - +0 ring mail
rPois   .            (helmet restricted)
rElec   .            (no cloak)
rCorr   .            (no gloves)
SInv    .            a - +0 pair of boots
Will    .....        (no amulet)
Stlth   +            (no ring)
HPRegen 0.26/turn    (no ring)
MPRegen 0.09/turn

%: no passive effects
@: no status effects
A: horns 2, retaliatory headbutt
a: no special abilities


You were on level 4 of the Dungeon.
You visited 1 branch of the dungeon, and saw 4 of its levels.

You collected 93 gold pieces.


Innate Abilities, Weirdness & Mutations

You have a pair of horns on your head.
You reflexively headbutt those who attack you in melee.


   Skills:
 - Level 2.0 Fighting
 + Level 4.5 Ranged Weapons
 - Level 1.0 Armour
 - Level 2.1 Dodging
 - Level 1.0 Spellcasting
 - Level 2.0 Hexes


You had 4 spell levels left.
You knew the following spells:

 Your Spells              Type           Power      Damage    Failure   Level
a - Slow                  Hex            16%        N/A       32%         1

Your spell library contained the following spells:

 Spells                   Type           Power      Damage    Failure   Level
 Inner Flame              Hex/Fire       2%         N/A       82%         3
 Portal Projectile        Hex/Tloc       4%         N/A       82%         3
 Cause Fear               Hex            2%         N/A       97%         4

Inventory:

Hand Weapons
 Y - a +1 sling (weapon)
Armour
 a - a +0 pair of boots (worn)
 d - a +0 ring mail (worn)
 i - the +1 robe "Ykaimuca" {rElec rPois Int-4}
   (You found it on level 4 of the Dungeon)

   Int:       It affects your intelligence (-4).
   rElec:     It insulates you from electricity.
   rPois:     It protects you from poison.
Wands
 c - a wand of digging (7)
Scrolls
 f - a scroll of identify
Potions
 e - 2 potions of curing
 g - a potion of might
 h - a potion of enlightenment {unknown}

Dungeon Overview and Level Annotations

Branches:
Dungeon (4/15)
 Temple: D:4-7

Altars:

Annotations:
D:4 Pikel


Message History

Pikel hits you with a +0 whip of flaming.
Pikel burns you. The lemure closely misses you. You furiously retaliate!
You headbutt the lemure!
You kill the lemure!
That felt strangely unrewarding.
You shoot a sling bullet. The sling bullet hits Pikel.
Pikel is lightly wounded.
Pikel barely misses you.
You shoot a sling bullet. The sling bullet hits Pikel.
Pikel is lightly wounded.
Pikel hits you with a +0 whip of flaming.
Pikel burns you. Pikel closely misses you. You furiously retaliate!
You headbutt Pikel. You shoot a sling bullet.
The sling bullet closely misses Pikel.
Pikel closely misses you. You furiously retaliate!
You headbutt Pikel. You shoot a sling bullet.
The sling bullet closely misses Pikel.
Pikel hits you with a +0 whip of flaming.
Pikel burns you.
You shoot a sling bullet. The sling bullet hits Pikel.
Pikel is heavily wounded.
Pikel closely misses you. x2
You shoot a sling bullet. The sling bullet closely misses Pikel.
Pikel hits you with a +0 whip of flaming!
Pikel burns you.
2695 ||| DRINKING potion of heal wounds.
You feel much better. Pikel hits you but does no damage.
You shoot a sling bullet. The sling bullet closely misses Pikel.
Pikel closely misses you. You furiously retaliate!
You headbutt Pikel. You shoot a sling bullet. The sling bullet hits Pikel.
Pikel is severely wounded.
Pikel hits you with a +0 whip of flaming!
Pikel burns you.
You shoot a sling bullet. The sling bullet hits Pikel.
Pikel is severely wounded.
Pikel hits you with a +0 whip of flaming!
Pikel burns you.
You shoot a sling bullet. The sling bullet barely misses Pikel.
Pikel hits you with a +0 whip of flaming.
You die...

#. #. # #.
###.# #.###.
..#.# ...#.
#.#.# #...
#.#.#
#..###.#.#
###
#.@.#.#.#
#<#
#K#.....#
#.#
#5##....#
#.# 55
#..#># #.#
#.. #..###
#.# #..
#..#######.#
#..
#..........#
...
#.##########
#........


You could see Pikel and 3 lemures.

Vanquished Creatures
  A lemure (D:4)
  3 adders
  A dart slug (D:1)
  3 orcs (D:3)
  5 endoplasms
  4 goblins
  A hobgoblin (D:2)
  5 jackals (D:3)
  4 kobolds
  2 quokkas
  3 ball pythons
  6 bats
  3 frilled lizards
  6 rats
47 creatures vanquished.

Vanquished Creatures (others)
  A rat (D:1)
1 creature vanquished.

Grand Total: 48 creatures vanquished

Notes
Turn   | Place    | Note
-------+----------+-------------------------------------------
     0 | D:1      | qw the Minotaur Hexslinger began the quest for the Orb.
     0 | D:1      | Reached XP level 1. HP: 16/16 MP: 1/1
     0 | D:1      | 0 ||| qw: Version: 0.3-a-52-g30416fa
     0 | D:1      | 0 ||| qw: Game counter: 5297
     0 | D:1      | 0 ||| qw: Melee chars always use a shield: true
     0 | D:1      | 0 ||| qw: God list: Okawaru
     0 | D:1      | 0 ||| qw: Allow faded altars: false
     0 | D:1      | 0 ||| qw: Do Orc after clearing Dungeon:15 true
     0 | D:1      | 0 ||| qw: Do second Lair branch before Depths: true
     0 | D:1      | 0 ||| qw: Lair rune preference: random
     0 | D:1      | 0 ||| qw: Goals: Normal
     0 | D:1      | 0 ||| PLANNING D:1-11
   218 | D:1      | 218 ||| UPGRADING to +0 ring mail.
   254 | D:1      | 254 ||| DROPPING +0 robe.
   291 | D:1      | Reached skill level 3 in Ranged Weapons
   291 | D:1      | Reached XP level 2. HP: 23/23 MP: 2/2
   630 | D:1      | 630 ||| READING scroll labelled PIELAF GEQUDI.
   731 | D:1      | 731 ||| READING scroll labelled REMMOC QIYGYBE.
   732 | D:1      | 732 ||| READING 2 scrolls labelled NAUDOX JISEMI.
   733 | D:1      | 733 ||| DROPPING scroll of poison.
   893 | D:2      | Reached XP level 3. HP: 29/29 MP: 3/3
  1401 | D:2      | 1401 ||| READING scroll labelled DUBRUE MUOLA.
  1402 | D:2      | 1402 ||| READING 2 scrolls labelled VUKHOKHL ZALOH.
  1405 | D:2      | 1405 ||| READING scroll labelled YRUEM KUPPIKEU.
  1406 | D:2      | 1406 ||| READING 2 scrolls of identify.
  1406 | D:2      | 1406 ||| IDENTIFYING white potion
  1500 | D:3      | Reached skill level 4 in Ranged Weapons
  1644 | D:3      | Reached skill level 1 in Armour
  1854 | D:3      | Found a faded altar of an unknown god.
  2213 | D:3      | HP: 7/29 [adder (4)]
  2214 | D:3      | 2214 ||| READING scroll of teleportation.
  2215 | D:3      | Reached XP level 4. HP: 7/36 MP: 4/4
  2455 | D:3      | HP: 5/36 [orc/+0 falchion (6)]
  2631 | D:3      | 2631 ||| UPGRADING to +0 pair of boots.
  2636 | D:3      | 2636 ||| DRINKING 3 cyan potions.
  2637 | D:3      | 2637 ||| READING 2 scrolls of identify.
  2637 | D:3      | 2637 ||| IDENTIFYING brown potion
  2658 | D:4      | Identified the +1 robe "Ykaimuca" {rElec rPois Int-4}
  2679 | D:4      | Noticed Pikel
  2679 | D:4      | Noticed a lemure
  2679 | D:4      | Noticed a lemure
  2679 | D:4      | Noticed a lemure
  2679 | D:4      | Noticed a lemure
  2688 | D:4      | Killed a lemure
  2694 | D:4      | HP: 7/36 [Pikel/+0 whip of flaming (10)]
  2695 | D:4      | 2695 ||| DRINKING potion of heal wounds.
  2698 | D:4      | HP: 2/36 [Pikel/+0 whip of flaming (6)]
  2699 | D:4      | Slain by Pikel

Levels and vault maps discovered:
D:1:      minmay_arrival_diagonal_passages, layout_loops_ring, serial_glass,
          glass_columns_a, glass_columns_a, glass_columns_c, glass_columns_a,
          glass_columns_b, glass_columns_a
D:2:      layout_basic, kennysheep_doodads
D:3:      layout_loops_corners, shapermc_ecumenical_altar_pompeii
D:4:      layout_basic, minmay_misc_feat_five, kennysheep_nub, uniq_pikel

Skill      XL: |  1  2  3 |
---------------+----------+-----
Ranged Weapons | 3 4 |  4.5
Fighting       | 2 |  2.0
Armour         | 1 |  1.0
Dodging        | |  2.1
Spellcasting   | |  1.0
Hexes          | |  2.0

Action                     |  1- 3 |  4- 6 || total
---------------------------+-------+-------++-------
   Fire: Sling             |   137 |    36 ||   173
    Use: Scroll            |     8 |     1 ||     9
         Potion            |       |     2 ||     2
 Armour: Robe              |     3 |       ||     3
         Ring mail         |    24 |     2 ||    26
  Dodge: Dodged            |    46 |    16 ||    62

Table legend:
 A = Non-vault XP
 B = Vault XP
 C = Vault XP percentage of total XP
 D = Non-vault monster count
 E = Vault monster count
 F = Vault count percentage of total count
                 A         B        C        D         E       F
            +---------+---------+-------+---------+---------+-------
      Total |     116 |       0 |   0.0 |      46 |       0 |   0.0
            +---------+---------+-------+---------+---------+-------
        D:1 |      20 |       0 |   0.0 |      13 |       0 |   0.0
        D:2 |      35 |       0 |   0.0 |      14 |       0 |   0.0
        D:3 |      61 |       0 |   0.0 |      19 |       0 |   0.0
            +---------+---------+-------+---------+---------+-------
